 Dungeon Crawl Stone Soup version 0.22.1-2-g9c5b331 (webtiles) character file.

164 hisshadow the Slasher (level 5, -1/47 HPs)
             Began as a Gnoll Chaos Knight on Nov 20, 2018.
             Slain by Blork the orc
             ... wielding a +0 glaive
              (9 damage)
             ... on level 4 of the Dungeon.
             The game lasted 00:14:46 (1818 turns).

hisshadow the Slasher (Gnoll Chaos Knight)          Turns: 1818, Time: 00:14:48

Health: -1/47      AC:  6    Str: 14    XL:     5   Next: 45%
Magic:  0/7        EV: 12    Int: 15    God:    Xom [..*...]
Gold:   68         SH:  3    Dex: 15    Spells: 6/6 levels left

rFire    . . .     SeeInvis .   a - +0 falchion (chaos)
rCold    . . .     Gourm    .   (no shield)
rNeg     . . .     Faith    .   g - +0 ring mail
rPois    .         Spirit   +   (no helmet)
rElec    .         Reflect  +   i - scarf {Spirit}
rCorr    .         Harm     .   (no gloves)
MR       .....                  (no boots)
Stlth    +.........             z - +3 amulet of reflection
HPRegen  0.15/turn              (no ring)
MPRegen  0.10/turn              (no ring)

@: very slow
A: distributed training, fangs 1, strong nose
a: Renounce Religion


You were on level 4 of the Dungeon.
You worshipped Xom.
You were a toy of Xom.
You were not hungry.

You visited 1 branch of the dungeon, and saw 5 of its levels.

You collected 68 gold pieces.

Inventory:

Hand Weapons
 a - a +0 falchion of chaos (weapon)
 b - a +0 hunting sling
Missiles
 l - 4 tomahawks (quivered)
 o - 35 bolts
 p - 47 arrows
 s - 15 sling bullets
 w - 57 stones
Armour
 g - a +0 ring mail (worn)
 h - a +0 cloak
 i - a scarf of spirit shield (worn)
 v - a +2 leather armour
Jewellery
 z - a +3 amulet of reflection (around neck)
Wands
 y - a wand of flame (6)
Scrolls
 e - 2 scrolls of teleportation
 j - a scroll of remove curse
 k - a scroll of identify
 u - a scroll of enchant armour
Potions
 f - a potion of mutation {unknown}
 q - a potion of curing {unknown}
 r - 2 potions of flight
 t - a potion of haste {unknown}
Comestibles
 c - 4 rations
 d - 2 chunks of flesh


   Skills:
 + Level 6.7 Fighting
 + Level 1.4 Short Blades
 + Level 6.7 Long Blades
 + Level 1.4 Axes
 + Level 1.4 Maces & Flails
 + Level 1.4 Polearms
 + Level 1.4 Staves
 + Level 1.4 Slings
 + Level 1.4 Bows
 + Level 1.4 Crossbows
 + Level 1.4 Throwing
 + Level 4.8 Armour
 + Level 3.0 Dodging
 + Level 1.4 Stealth
 + Level 1.4 Shields
 + Level 1.4 Unarmed Combat
 + Level 1.4 Spellcasting
 + Level 1.1 Conjurations
 + Level 1.1 Hexes
 + Level 1.1 Charms
 + Level 1.1 Summonings
 + Level 1.1 Necromancy
 + Level 1.1 Translocations
 + Level 1.1 Transmutations
 + Level 1.1 Fire Magic
 + Level 1.1 Ice Magic
 + Level 1.1 Air Magic
 + Level 1.1 Earth Magic
 + Level 1.1 Poison Magic
 + Level 1.6 Invocations
 + Level 1.4 Evocations


You had 6 spell levels left.
You didn't know any spells.
Your spell library contained the following spells:

 Spells                   Type           Power        Failure   Level  Hunger
 Magic Dart               Conj           #...         28%         1    ##.....
 Searing Ray              Conj           #.....       38%         2    ###....
 Dazzling Spray           Conj/Hex       #.....       63%         3    ####...
 Force Lance              Conj/Tloc      #.......     95%         4    #####..
 Fulminant Prism          Conj/Hex       #.........   95%         4    #####..
 Iskenderun's Mystic Bla  Conj           #.......     95%         4    #####..


Dungeon Overview and Level Annotations

Branches:
Dungeon (5/15)             Temple (0/1) D:4

Altars:
Dithmenos
Okawaru
Trog
Uskayaw

Annotations:
D:4 Blork the orc, Grinder, Natasha


Innate Abilities, Weirdness & Mutations

Your experience applies equally to all skills.
You have very sharp teeth.
Your uncanny sense of smell can sniff out nearby items.


Message History

Something hits you.
The leopard gecko bites you but does no damage.
You miss the leopard gecko.
The leopard gecko is almost dead.
Something hits you!
The gnoll shaman invokes the aid of its god against you.
You resist with some effort. The leopard gecko bites you.
You miss the leopard gecko. Your bite misses the leopard gecko.
The leopard gecko is almost dead.
Something hits you!
* * * LOW HITPOINT WARNING * * *
Natasha howls an incantation.
Natasha glows brightly for a moment.
Natasha zaps a wand.
Some rock shatters into small pieces.
The gnoll shaman calls upon its god to heal the gnoll.
The gnoll's wounds heal themselves!
The leopard gecko closely misses you.
A leopard gecko comes into view.
Something hits you!
You die...
Xom is highly amused!

*,,,,,*,#.............#*
****,*,,,,,#..........####
*,,,,*,*,,,#...5......#
**,,,,,,,,*,##.........#
*,,*****,**∆*##.≈.######*
**** *,,**,*##gg≈#**sl.****
*,***,,#.{gh##l...,*,** *,*
#....#g≈.≈≈≈#≈,*,,*** *,*
#...##@≈#≈,≈*≈≈**,,,*
***,**#...*#l≈#≈∩≈*≈,****,***
*,,,,*#...*#s≈#≈,≈*≈,*,,,,,,,
*,,,,*#..,*#.≈#≈≈≈*≈≈*,******
*,,,,*#..,*#.≈#≈,≈*≈,*,*
******#.,,*#≈≈.,≈**≈≈*,*
*****##..,***≈≈≈,* *###*
**,,,* *****


You could see Grinder, a gnoll shaman, Natasha, 3 gnolls, 3 leopard geckos and 2
giant cockroaches.

Vanquished Creatures
  A crimson imp (D:5)
  A bullfrog skeleton (D:4)
  A worker ant (D:5)
  3 adders
  2 oozes (D:1)
  A worm (D:2)
  3 orcs
  4 goblins
  5 hobgoblins
  4 jackals (D:1)
  2 quokkas (D:2)
  A ball python (D:4)
  3 bats (D:1)
  3 frilled lizards
  A kobold (D:1)
  6 rats
41 creatures vanquished.

Vanquished Creatures (others)
  An adder skeleton (D:4)
1 creature vanquished.

Grand Total: 42 creatures vanquished

Notes
Turn   | Place    | Note
-------+----------+-------------------------------------------
     0 | D:1      | hisshadow the Gnoll Chaos Knight began the quest for the
                  | Orb.
     0 | D:1      | Reached XP level 1. HP: 23/23 MP: 1/1
    95 | D:1      | XOM: silly message
   135 | D:1      | XOM: harmless Air miscast
   248 | D:1      | Reached XP level 2. HP: 25/29 MP: 2/2
   558 | D:1      | Reached XP level 3. HP: 35/35 MP: 3/3
   683 | D:1      | XOM: smoke on damage
   847 | D:1      | Reached skill level 1 in Invocations
  1113 | D:2      | XOM: mild Chrm miscast
  1188 | D:2      | Reached skill level 1 in Short Blades
  1188 | D:2      | Reached skill level 1 in Axes
  1188 | D:2      | Reached skill level 1 in Maces & Flails
  1188 | D:2      | Reached skill level 1 in Polearms
  1188 | D:2      | Reached skill level 1 in Staves
  1188 | D:2      | Reached skill level 1 in Slings
  1188 | D:2      | Reached skill level 1 in Bows
  1188 | D:2      | Reached skill level 1 in Crossbows
  1188 | D:2      | Reached skill level 1 in Throwing
  1188 | D:2      | Reached skill level 1 in Stealth
  1188 | D:2      | Reached skill level 1 in Shields
  1188 | D:2      | Reached skill level 1 in Unarmed Combat
  1188 | D:2      | Reached skill level 1 in Spellcasting
  1188 | D:2      | Reached skill level 1 in Evocations
  1451 | D:3      | Reached XP level 4. HP: 41/41 MP: 5/5
  1486 | D:3      | You fall through a shaft for 2 floors!
  1486 | D:5      | Entered Level 5 of the Dungeon
  1583 | D:5      | Reached skill level 1 in Conjurations
  1583 | D:5      | Reached skill level 1 in Hexes
  1583 | D:5      | Reached skill level 1 in Charms
  1583 | D:5      | Reached skill level 1 in Summonings
  1583 | D:5      | Reached skill level 1 in Necromancy
  1583 | D:5      | Reached skill level 1 in Translocations
  1583 | D:5      | Reached skill level 1 in Transmutations
  1583 | D:5      | Reached skill level 1 in Fire Magic
  1583 | D:5      | Reached skill level 1 in Ice Magic
  1583 | D:5      | Reached skill level 1 in Air Magic
  1583 | D:5      | Reached skill level 1 in Earth Magic
  1583 | D:5      | Reached skill level 1 in Poison Magic
  1583 | D:5      | Reached XP level 5. HP: 35/47 MP: 4/6
  1610 | D:5      | Found a shadowy altar of Dithmenos.
  1611 | D:5      | Noticed a centaur
  1633 | D:5      | Found a faded altar of an unknown god.
  1633 | D:5      | Found a hide-covered altar of Uskayaw.
  1637 | D:5      | XOM: god gift: runed metal-bound book {god gift}
  1643 | D:5      | Found an iron altar of Okawaru.
  1645 | D:5      | Found a faded altar of an unknown god.
  1646 | D:5      | Found a bloodstained altar of Trog.
  1716 | D:4      | Noticed Grinder
  1716 | D:4      | Noticed Blork the orc
  1720 | D:4      | XOM: potion effect (haste)
  1728 | D:4      | Found a staircase to the Ecumenical Temple.
  1730 | D:4      | XOM: divination: magic mapping
  1788 | D:4      | Noticed Natasha
  1790 | D:4      | XOM: divination: magic mapping
  1797 | D:4      | XOM: divination: magic mapping
  1798 | D:4      | XOM: enchant monster (good)
  1818 | D:4      | Slain by Blork the orc

Skill      XL: |  1  2  3  4  5 |
---------------+----------------+-----
Invocations    | 1 |  1.6
Short Blades   | 1 |  1.4
Axes           | 1 |  1.4
Maces & Flails | 1 |  1.4
Polearms       | 1 |  1.4
Staves         | 1 |  1.4
Slings         | 1 |  1.4
Bows           | 1 |  1.4
Crossbows      | 1 |  1.4
Throwing       | 1 |  1.4
Stealth        | 1 |  1.4
Shields        | 1 |  1.4
Unarmed Combat | 1 |  1.4
Spellcasting   | 1 |  1.4
Evocations     | 1 |  1.4
Conjurations   | 1 |  1.1
Hexes          | 1 |  1.1
Charms         | 1 |  1.1
Summonings     | 1 |  1.1
Necromancy     | 1 |  1.1
Translocations | 1 |  1.1
Transmutations | 1 |  1.1
Fire Magic     | 1 |  1.1
Ice Magic      | 1 |  1.1
Air Magic      | 1 |  1.1
Earth Magic    | 1 |  1.1
Poison Magic   | 1 |  1.1
Dodging        | 3 |  3.0
Fighting       | |  6.7
Long Blades    | |  6.7
Armour         | |  4.8

Action                   |  1- 3 |  4- 6 || total
-------------------------+-------+-------++-------
Melee: Falchion          |    81 |    30 ||   111
       Bite              |     8 |     7 ||    15
 Fire: Hunting sling     |     8 |     3 ||    11
Throw: Tomahawk          |     7 |     1 ||     8
  Use: Scroll            |       |    11 ||    11
 Stab: Paralysed         |     4 |       ||     4
       Petrified         |       |     3 ||     3
       Petrifying        |       |     1 ||     1
  Eat: Chunk             |     2 |     1 ||     3
Armor: Ring mail         |    21 |    12 ||    33
Dodge: Dodged            |    40 |    12 ||    52
Block: Other             |       |     3 ||     3
       Rpst.: Falchion   |     8 |     2 ||    10
